 Dungeon Crawl Stone Soup version 0.19-a0-628-g9200b3b (webtiles) character file.

1003 Ijustatesigmund the Slinger (level 8, -4/52 HPs)
             Began as a Halfling Hunter on June 13, 2016.
             Slain by Duvessa
             ... wielding a +1 short sword of speed
              (9 damage)
             ... on level 6 of the Dungeon.
             The game lasted 00:10:57 (4307 turns).

Ijustatesigmund the Slinger (Halfling Hunter)       Turns: 4307, Time: 00:10:57

Health: -4/52      AC:  9    Str: 12    XL:     8   Next: 43%
Magic:  8/8        EV: 13    Int: 15    God:
Gold:   56         SH:  0    Dex: 17    Spells: 0 memorised, 7 levels left

rFire  . . .     SeeInvis .     a - +1 hunting sling
rCold  + . .     Gourm    .     C - +1 scale mail {rC+}
rNeg   . . .     Faith    .     (shield restricted)
rPois  .         Spirit   .     v - +0 helmet
rElec  .         Dismiss  .     (no cloak)
rCorr  .         Reflect  .     (no gloves)
SustAt .         Harm     .     (no boots)
MR     .....                    (no amulet)
Stlth  +.........               (no ring)
                                (no ring)

@: brilliant, not resistant to hostile enchantments, very unstealthy
A: mutation resistance 1
a: no special abilities


You were on level 6 of the Dungeon.
You were very hungry.

You visited 1 branch of the dungeon, and saw 6 of its levels.

You collected 256 gold pieces.
You spent 200 gold pieces at shops.

Inventory:

Hand Weapons
 a - a +1 hunting sling (weapon)
 b - a +0 short sword
Missiles
 e - 103 stones (quivered)
Armour
 s - a +2 helmet
 v - a +0 helmet (worn)
 C - a +1 scale mail of cold resistance (worn)
Wands
 c - a wand of polymorph (19/24)
 y - a wand of slowing (12/48)
 B - a wand of lightning (10/15)
Scrolls
 h - 2 scrolls of teleportation
 t - a scroll of identify
 u - 3 scrolls of magic mapping
 x - 2 scrolls of remove curse
Potions
 i - 3 potions of lignification
 j - 2 potions of brilliance
 k - a potion of heal wounds {unknown}
 l - 3 potions of might
 m - 2 potions of curing {unknown}
 o - 4 potions of cancellation {unknown}
 q - a potion of flight {unknown}
 r - a potion of ambrosia {unknown}
 w - a potion of resistance {unknown}
Books
 A - a book of Annihilations

   Spells                             Type                      Level
   a - Poison Arrow                   Conjuration/Poison           6
   b - Chain Lightning                Conjuration/Air              8
   c - Lehudib's Crystal Spear        Conjuration/Earth            8
   d - Glaciate                       Conjuration/Ice              9
   e - Fire Storm                     Conjuration/Fire             9
Comestibles
 f - 4 bread rations
 g - 5 meat rations
 n - 3 fruits
 p - a beef jerky


   Skills:
 - Level 3.2 Fighting
 - Level 5.1 Short Blades
 + Level 9.4 Slings
 + Level 5.1 Armour
 + Level 3.7 Dodging
 - Level 1.1 Stealth


You had 7 spell levels left.
You didn't know any spells.

Dungeon Overview and Level Annotations

Branches:
Dungeon (6/15)
 Temple: D:4-7

Altars:
Cheibriados
Gozag
Hepliaklqana
Makhleb
Zin

Shops:
D:5 }*

Annotations:
D:6 Duvessa


Innate Abilities, Weirdness & Mutations

You are small and have problems with some larger weapons.
You are somewhat resistant to further mutation.


Message History

Duvessa hits you but does no damage. Duvessa closely misses you.
You are too injured to fight recklessly!
Firing (i - inventory):
e - 105 stones (quivered)
Press: ? - help, Shift-Dir - straight line, f/p - Duvessa
Aim: Duvessa, wielding a short sword of speed and wearing a scale mail (almost dead, berserk, fast, unusually strong)
You shoot a stone. The stone hits Duvessa.
Duvessa is almost dead.
Duvessa hits you with a short sword of speed.
* * * LOW HITPOINT WARNING * * *
The orc hits you but does no damage.
Duvessa hits you with a short sword of speed!
* * * LOW HITPOINT WARNING * * *
Firing (i - inventory):
e - 104 stones (quivered)
Press: ? - help, Shift-Dir - straight line, f/p - Duvessa
Aim: Duvessa, wielding a short sword of speed and wearing a scale mail (almost dead, berserk, fast, unusually strong)
You shoot a stone. The stone barely misses Duvessa.
The stone closely misses the orc.
The stone barely misses the orc.
The orc closely misses you.
Duvessa hits you with a short sword of speed!
You die...

##......(##.####...###
# ...?......##.#
###...##.
###.......#..# ##.....
####..####..## ##..##
...... ..# #.).# (...
## ##.... (....
###..#..
(.(.oo########
#...####
#ooe@....#####.####..
########.......# #..
######### #.. #.. ###


You could see Duvessa (berserk) and 4 orcs.

Vanquished Creatures
  A black bear (D:6)
  A phantom (D:4)
  2 centaurs
  Blork the orc (D:5)
  A scorpion (D:4)
  Dowan (D:6)
  2 howler monkeys (D:5)
  2 hounds
  A jelly (D:5)
  Natasha (twice) (D:3)
  2 worker ants (D:4)
  A killer bee zombie (D:6)
  A worker ant zombie (D:5)
  2 gnolls (D:4)
  9 adders
  2 worms
  A dart slug (D:1)
  2 giant geckos (D:5)
  2 orcs (D:6)
  A ball python (D:2)
  9 giant cockroaches
  7 goblins
  10 hobgoblins
  7 jackals
  3 quokkas
  A ball python skeleton (D:5)
  8 bats
  A giant gecko zombie (D:5)
  5 giant newts
  A jackal zombie (D:5)
  16 kobolds
  A quokka skeleton (D:5)
  A quokka zombie (D:5)
  8 rats
115 creatures vanquished.

Notes
Turn   | Place    | Note
--------------------------------------------------------------
     0 | D:1      | Ijustatesigmund the Halfling Hunter began the quest for the Orb.
     0 | D:1      | Reached XP level 1. HP: 14/14 MP: 1/1
   124 | D:1      | Reached skill level 1 in Short Blades
   203 | D:1      | Reached XP level 2. HP: 19/19 MP: 2/2
   556 | D:1      | Reached XP level 3. HP: 24/24 MP: 3/3
  1029 | D:2      | Reached XP level 4. HP: 28/30 MP: 4/4
  1286 | D:2      | Found a faded altar of an unknown god.
  1609 | D:2      | Reached XP level 5. HP: 36/36 MP: 5/5
  1667 | D:3      | Found a burning altar of Makhleb.
  1992 | D:3      | Found an opulent altar of Gozag.
  2150 | D:3      | Noticed Natasha
  2158 | D:3      | Killed Natasha
  2158 | D:3      | Reached skill level 5 in Short Blades
  2354 | D:3      | Noticed Natasha
  2357 | D:3      | Killed Natasha
  2357 | D:3      | Reached skill level 6 in Slings
  2452 | D:3      | Reached XP level 6. HP: 42/42 MP: 6/6
  2464 | D:3      | Found a hazy altar of Hepliaklqana.
  2606 | D:4      | Noticed a phantom
  2629 | D:4      | Killed a phantom
  2629 | D:4      | Reached skill level 7 in Slings
  2747 | D:4      | Reached XP level 7. HP: 46/46 MP: 7/7
  2843 | D:4      | Found a snail-covered altar of Cheibriados.
  2912 | D:4      | Reached skill level 8 in Slings
  3072 | D:4      | Found a glowing silver altar of Zin.
  3073 | D:4      | Noticed an angel
  3158 | D:5      | Entered Level 5 of the Dungeon
  3235 | D:5      | Found Lustrudun's Gadget Boutique.
  3540 | D:5      | Found Motokhle's Assorted Antiques.
  3545 | D:5      | Bought a copper wand for 100 gold pieces
  3545 | D:5      | Bought a glowing scale mail for 100 gold pieces
  3656 | D:5      | Noticed Blork the orc
  3667 | D:5      | Killed Blork the orc
  3667 | D:5      | Reached XP level 8. HP: 48/52 MP: 8/8
  3974 | D:6      | Reached skill level 9 in Slings
  4062 | D:6      | Reached skill level 5 in Armour
  4276 | D:6      | Noticed Dowan
  4279 | D:6      | Noticed Duvessa
  4296 | D:6      | Killed Dowan
  4307 | D:6      | Slain by Duvessa

Vault maps used:
D:1:      dpeg_arrival_rhombi
D:2:      ecumenical_altar_2
D:3:      lemuel_crystal_altar, lemuel_coloured_pillars_altar,
          nicolae_overflow_crystal_walls, uniq_natasha
D:4:      zin_angel, cheibriados_altar_wand_db, lightli_corner_chamber
D:5:      first_bread, serial_shops, shop, shop, uniq_blork_the_orc
D:6:      johnstein_pakellas_shop, yredelemnul_forgotten_temple_becter,
          nicolae_qazlal_style_of_elements, uniq_edmund, uniq_duvessa

Skill      XL: |  1  2  3  4  5  6  7  8 |
---------------+-------------------------+-----
Short Blades   | 1 2 3 4 5 |  5.1
Fighting       | 2 3 |  3.2
Slings         | 6 7 8 9 |  9.4
Armour         | 2 4 5 |  5.1
Dodging        | 3 |  3.7
Stealth        | |  1.1

Action                   |  1- 3 |  4- 6 |  7- 9 || total
-------------------------+-------+-------+-------++-------
Melee: Unarmed           |       |     1 |       ||     1
 Fire: Hunting sling     |    96 |   167 |   183 ||   446
  Use: Scroll            |     2 |     3 |     3 ||     8
       Potion            |       |       |     2 ||     2
  Eat: Chunk             |       |     3 |     4 ||     7
       Beef jerky        |       |     1 |       ||     1
Armor: Leather armour    |     7 |     8 |       ||    15
       Ring mail         |       |     2 |    14 ||    16
       Scale mail        |       |       |    31 ||    31
Dodge: Dodged            |    15 |    35 |    59 ||   109
